 Dungeon Crawl Stone Soup version 0.29-a0-322-g68df515428 (webtiles) character file.

Game seed: 15751758990819650312

80 Leszczynek the Chopper (level 4, -1/35 HPs)
             Began as a Human Gladiator on Apr 9, 2022.
             Killed from afar by an orc wizard (12 damage)
             ... with a puff of flame
             ... on level 5 of the Dungeon.
             The game lasted 00:06:16 (705 turns).

Leszczynek the Chopper (Human Gladiator)             Turns: 705, Time: 00:06:16

Health: -1/35      AC:  7    Str: 17    XL:     4   Next: 65%
Magic:  4/4        EV: 11    Int:  8    God:
Gold:   83         SH:  0    Dex: 14    Spells: 3/3 levels left

rFire   . . .      SeeInvis .   a - +0 war axe
rCold   . . .      Faith    .   (no shield)
rNeg    . . .      Spirit   .   p - +0 ring mail
rPois   .          Reflect  .   c - +0 helmet
rElec   .          Harm     .   f - +0 cloak
rCorr   .          Rampage  .   (no gloves)
Will    .....                   (no boots)
Stlth   ..........              (no amulet)
HPRegen 0.11/turn               (no ring)
MPRegen 0.09/turn               (no ring)

@: confused, brilliant, attractive
A: no striking features
a: no special abilities


You were on level 5 of the Dungeon.
You visited 1 branch of the dungeon, and saw 5 of its levels.

You collected 83 gold pieces.

Inventory:

Hand Weapons
 a - a +0 war axe (weapon)
 h - a +0 scimitar
Missiles
 d - a throwing net (quivered)
 e - a javelin
Armour
 b - a +0 leather armour
 c - a +0 helmet (worn)
 f - a +0 cloak (worn)
 p - a +0 ring mail (worn)
Scrolls
 i - a scroll of acquirement {unknown}
 l - a scroll of teleportation {unknown}
 m - 3 scrolls of summoning {unknown}
 n - a scroll of brand weapon {unknown}
 o - 3 scrolls of identify {unknown}
 r - a scroll of enchant armour {unknown}


   Skills:
 * Level 3.0 Fighting
 * Level 3.8 Axes
 + Level 2.5 Throwing
 + Level 3.3 Dodging


You had 3 spell levels left.
You didn't know any spells.
Your spell library was empty.

Dungeon Overview and Level Annotations

Branches:
Dungeon (5/15)
 Temple: D:4-7

Altars:
Hepliaklqana
Makhleb
Yredelemnul

Shops:
D:1 *


Message History

You feel less confused. Something hits you. The orc hits you with a +0 mace.
You closely miss something. You hit the orc.
Something hits you but does no damage. The orc hits you with a +0 mace. x2
You hear some strange, mumbled words.
You are confused.
Non-targeted confused throw: 2 throwing nets
Press: ? - help, Q - select action, (/) - cycle Dir - look around, f - activate You throw a throwing net.
The orc hits you with a +0 mace! Something hits you.
The orc attacks as you move away! The orc misses you.
You hear the slow hiss of a very distant avalanche of sand.
Something hits you.
It was a potion of attraction.
You feel attractive to monsters. The orc completely misses you.
Something hits you but does no damage.
It was a potion of brilliance.
You feel clever all of a sudden. The orc barely misses you.
Something hits you but does no damage.
You bump into the rock wall.
The orc hits you but does no damage. Something hits you.
You bump into the rock wall.
The orc hits you but does no damage. Something hits you.
You bump into the rock wall.
The orc hits you with a +0 mace.
You hear some strange, mumbled words.
You are more confused.
Something hits you. The orc barely misses you.
You hear some strange, mumbled words.
You are more confused.
Something is attracted toward you.
You see here a throwing net.
You slash the orc!
You kill the orc!
You hit something. Something hits you but does no damage.
You completely miss something. Something hits you but does no damage.
You bump into the rock wall.
You hear some strange, mumbled words.
A puff of flame appears from out of thin air!
The puff of flame hits you!
You die...

# ##### .## #...
.... #######.#
..#.#
##)...@{.##......
#<#.###)....#
.......###.##..####
####### ###..# #..#
.... .#..## #.#...
# #..#


There were no monsters in sight!

Vanquished Creatures
  A hound (D:5)
  An adder (D:4)
  4 dart slugs
  4 orcs (D:5)
  3 bats
  2 endoplasms
  2 giant cockroaches
  3 goblins
  A hobgoblin (D:3)
  A quokka (D:2)
  3 ball pythons
  A frilled lizard (D:1)
  A kobold (D:1)
  3 rats
30 creatures vanquished.

Notes
Turn   | Place    | Note
-------+----------+-------------------------------------------
     0 | D:1      | Leszczynek the Human Gladiator began the quest for the Orb.
     0 | D:1      | Reached XP level 1. HP: 16/16 MP: 1/1
   101 | D:1      | Reached XP level 2. HP: 21/22 MP: 2/2
   140 | D:1      | Found Niuhoi's General Store.
   251 | D:2      | Reached XP level 3. HP: 28/28 MP: 3/3
   387 | D:3      | Found a hazy altar of Hepliaklqana.
   416 | D:4      | Found a basalt altar of Yredelemnul.
   419 | D:4      | Found a burning altar of Makhleb.
   604 | D:5      | Entered Level 5 of the Dungeon
   677 | D:5      | Reached skill level 3 in Fighting
   677 | D:5      | Reached XP level 4. HP: 20/35 MP: 4/4
   705 | D:5      | Killed from afar by an orc wizard

Illustrated notes

Levels and vault maps discovered:
D:1:      dpeg_arrival_rooms_b, layout_basic, serial_shops, shop,
          shapermc_ecumenical_altar_mp_urbaneastern, minmay_heptomino_d4
D:2:      minmay_inner_zag, layout_rooms, minmay_stone_trees_small
D:3:      layout_basic, mainiacjoe_overflow_boulevard
D:4:      layout_cave_pools, nicolae_overflow_squiral,
          minmay_temple_entry_fiery, nrook_campfire
D:5:      layout_loops_ring, serial_glass, glass_columns_c, glass_columns_a,
          enter_ossuary_4, minmay_misc_feat_tower, uniq_crazy_yiuf_cottage

Skill      XL: |  1  2  3 |
---------------+----------+-----
Fighting       | 3 |  3.0
Axes           | |  3.8
Throwing       | |  2.5
Dodging        | |  3.3

Action                   |  1- 3 |  4- 6 || total
-------------------------+-------+-------++-------
Melee: War axe           |    80 |     6 ||    86
       Punch             |     1 |       ||     1
Throw: Throwing net      |     2 |     2 ||     4
  Use: Potion            |       |     4 ||     4
 Stab: Distracted        |     1 |       ||     1
Armor: Leather armour    |    17 |       ||    17
       Ring mail         |    13 |     7 ||    20
Dodge: Dodged            |    67 |     4 ||    71

Table legend: (Time is in decaauts)
 A = Elapsed time spent in this place.
 B = Non-inter-level travel time spent in this place.
 C = Inter-level travel time spent in this place.
 D = Time resting spent in this place.
 E = Time spent auto-exploring this place.
 F = Levels seen in this place.
 G = Mean time per level.
                   A        B        C        D        E       F      G
               +--------+--------+--------+--------+--------+-----+--------+
         Total |    736 |    705 |     31 |      0 |      0 |   5 |  147.2 |
       Dungeon |    736 |    705 |     31 |      0 |      0 |   5 |  147.2 |
               +--------+--------+--------+--------+--------+-----+--------+

Top non-repeatable levels by time:
     D:2: 179 daAuts
     D:4: 173 daAuts
     D:1: 143 daAuts
     D:3: 139 daAuts
     D:5: 101 daAuts
